 Dungeon Crawl Stone Soup version 0.31.0-9-g3a7656b989 (webtiles) character file.

Game seed: 13319383288946543164

60 qw the Shooter (level 3, -1/18 HPs)
             Began as a Spriggan Hunter on Feb 2, 2024.
             Slain by a goblin
             ... wielding a +2 dagger of venom
             ... led by Robin
              (5 damage)
             ... on level 2 of the Dungeon.
             The game lasted 00:00:02 (625 turns).

qw the Shooter (Spriggan Hunter)                     Turns: 625, Time: 00:00:03

Health: -1/18      AC:  2    Str:  7    XL:     3   Next: 80%
Magic:  4/4        EV: 19    Int: 10    God:
Gold:   59         SH:  0    Dex: 20    Spells: 2/2 levels left

rFire   . . .        a - +0 shortbow
rCold   . . .        (shield currently unavailable)
rNeg    . . .        c - +0 robe
rPois   .            (helmet restricted)
rElec   .            (no cloak)
rCorr   .            (gloves unavailable)
SInv    +            (boots unavailable)
Will    .....        (no amulet)
Stlth   ++           (no ring)
HPRegen 0.23/turn    (no ring)
MPRegen 0.09/turn

%: no passive effects
@: lethally poisoned (-1 -> -8), very quick
A: very small, no large weapons, unfitting armour, see invisible, speed 3
a: no special abilities


You were on level 2 of the Dungeon.
You visited 1 branch of the dungeon, and saw 2 of its levels.

You collected 59 gold pieces.


Innate Abilities, Weirdness & Mutations

You are very small and have problems with some larger weapons.
You are too small for most types of armour.
You have supernaturally acute eyesight. (SInv)
You cover ground extremely quickly. (Speed+++)


   Skills:
 - Level 1.5 Fighting
 - Level 5.0 Ranged Weapons
 + Level 4.0 Dodging
 - Level 1.5 Stealth


You had 2 spell levels left.
You didn't know any spells.
Your spell library was empty.

Inventory:

Hand Weapons
 a - a +0 shortbow (weapon)
Armour
 c - a +0 robe (worn)
Wands
 d - a wand of mindburst (9)
Scrolls
 b - a scroll of immolation {unknown}
Potions
 e - a potion of curing

Dungeon Overview and Level Annotations

Branches:
Dungeon (2/15)

Altars:

Annotations:
D:2 Robin


Message History

The goblin shouts!
You hear a shout!
A hobgoblin comes into view.
You shoot an arrow. The arrow barely misses the hobgoblin.
The hobgoblin shouts! x2
The arrow hits the goblin!
You kill the goblin!
You hear a shout! x2
A goblin comes into view. It is wielding a +0 club. x3
You shoot an arrow. The arrow barely misses the hobgoblin.
The arrow misses the goblin.
The goblin shouts!
You shoot an arrow. The arrow barely misses the hobgoblin.
Robin of the Strong Arm comes into view.
They are wielding a +0 club.
Robin roars a battlecry!
The goblins go into a battle-frenzy!
You hear a shout! x2
You shoot an arrow. The arrow hits the hobgoblin!
You kill the hobgoblin!
Your Ranged Weapons skill increases to level 5!
You shoot an arrow. The arrow closely misses the goblin.
The goblin misses you.
A hobgoblin comes into view. x2
You shoot an arrow. The arrow closely misses the goblin.
The arrow hits the goblin.
The goblin is severely wounded.
Robin throws the goblin at you!
The goblin hits you with a +2 dagger of venom.
The goblin hits you but does no damage.
You shoot an arrow. The arrow completely misses the goblin.
A goblin comes into view. It is wielding a +0 dagger.
The goblin hits you with a +0 club.
The goblin hits you with a +2 dagger of venom.
You are lethally poisoned!
The goblin hits you but does no damage.
You shoot an arrow. The arrow closely misses the goblin.
The goblin shouts!
You feel very sick. The hobgoblin misses you.
The goblin hits you with a +0 club.
The goblin hits you with a +2 dagger of venom.
You die...

................. ..
######.#).##.##.#..#
#........##.#..#
##.#..##.##.#..###.
#.#...............
###..##.##...####.
#..##.##........
#..###.g........
#......%@g..##..
#......ggg......
#..#####....##.. #.
....... . #
#..g..... #.#gg##.#
..#.g# . ###..)


You could see Robin, 3 hobgoblins and 5 goblins.

Vanquished Creatures
  An iguana (D:2)
  2 ribbon worms (D:2)
  3 ball pythons
  An endoplasm (D:1)
  A giant cockroach (D:1)
  3 goblins
  5 hobgoblins
  3 kobolds
  A quokka (D:1)
  A bat (D:1)
  3 frilled lizards (D:1)
  5 rats (D:1)
29 creatures vanquished.

Notes
Turn   | Place    | Note
-------+----------+-------------------------------------------
     0 | D:1      | qw the Spriggan Hunter began the quest for the Orb.
     0 | D:1      | Reached XP level 1. HP: 10/10 MP: 2/2
     0 | D:1      | 0 ||| qw: Version: 0.3-a-155-g5e7d8dd
     0 | D:1      | 0 ||| qw: Game counter: 2756
     0 | D:1      | 0 ||| qw: Melee chars always use a shield: true
     0 | D:1      | 0 ||| qw: God list: Okawaru
     0 | D:1      | 0 ||| qw: Allow faded altars: false
     0 | D:1      | 0 ||| qw: Do Orc after clearing Dungeon:15 true
     0 | D:1      | 0 ||| qw: Do second Lair branch before Depths: true
     0 | D:1      | 0 ||| qw: Lair rune preference: random
     0 | D:1      | 0 ||| qw: Goals: Normal
     0 | D:1      | 0 ||| PLANNING D:1-11
    25 | D:1      | Reached skill level 3 in Dodging
    76 | D:1      | Reached XP level 2. HP: 14/14 MP: 3/3
   476 | D:1      | 476 ||| READING scroll labelled HYAFRAOGYE.
   477 | D:1      | 477 ||| READING 2 scrolls labelled AREHER DAKHIUQARPH.
   477 | D:1      | 477 ||| IDENTIFYING brown potion
   478 | D:1      | 478 ||| READING scroll of identify.
   478 | D:1      | 478 ||| IDENTIFYING 2 scrolls labelled FEETEOMIHI
   479 | D:1      | 479 ||| DROPPING scroll of butterflies.
   480 | D:1      | 480 ||| DROPPING 2 scrolls of fog.
   562 | D:2      | Reached XP level 3. HP: 18/18 MP: 4/4
   620 | D:2      | Noticed Robin
   622 | D:2      | Reached skill level 5 in Ranged Weapons
   625 | D:2      | HP: 4/18 [goblin/+0 club[Robin] (2)]
   625 | D:2      | Slain by a goblin

Levels and vault maps discovered:
D:1:      roderic_dead_forest, layout_rooms, minmay_statues_item,
          hangedman_glass_teeth
D:2:      layout_basic, minmay_small_reverse_x, uniq_crazy_yiuf_cottage,
          uniq_robin, uniq_natasha

Skill      XL: |  1  2  3 |
---------------+----------+-----
Dodging        | 3 4 |  4.0
Ranged Weapons | 5 |  5.0
Fighting       | |  1.5
Stealth        | |  1.5

Action                     || total
---------------------------++-------
   Fire: Shortbow          ||    91
    Use: Scroll            ||     3
 Armour: Robe              ||    15
  Dodge: Dodged            ||    29

Table legend:
 A = Non-vault XP
 B = Vault XP
 C = Vault XP percentage of total XP
 D = Non-vault monster count
 E = Vault monster count
 F = Vault count percentage of total count
                 A         B        C        D         E       F
            +---------+---------+-------+---------+---------+-------
      Total |      82 |       4 |   4.7 |      27 |       2 |   6.9
            +---------+---------+-------+---------+---------+-------
        D:1 |      32 |       0 |   0.0 |      21 |       0 |   0.0
        D:2 |      50 |       4 |   7.4 |       6 |       2 |  25.0
            +---------+---------+-------+---------+---------+-------
